 Dungeon Crawl Stone Soup version 0.22-a0-348-gd16d139 (webtiles) character file.

1688791 Amnesiac the Hawkeye (level 25, 77/147 HPs)
             Began as a Spriggan Assassin on Apr 9, 2018.
             Was the Champion of Okawaru.
             Escaped with the Orb
             ... and 3 runes!
             The game lasted 03:14:23 (66143 turns).

Amnesiac the Hawkeye (Spriggan Assassin)           Turns: 66143, Time: 03:14:24

Health: 77/147     AC: 28    Str: 18    XL:     25   Next: 85%
Magic:  29/34      EV: 32    Int: 21    God:    Okawaru [******]
Gold:   3260       SH: 11    Dex: 18    Spells: 14/24 levels left

rFire    + + .     SeeInvis +   a - +9 quick blade
rCold    . . .     Gourm    .   y - +3 buckler {AC+3}
rNeg     . . .     Faith    +   L - +4 fire dragon scales
rPois    .         Spirit   +   A - +2 hat {Int+3}
rElec    .         Reflect  .   n - scarf {Spirit}
rCorr    .         Harm     .   (gloves unavailable)
MR       +++++     Rnd*Rage +   (boots unavailable)
Stlth    +++.......             d - amulet "Kurof" {Faith rC+ MR++ Str+3 Int+2}
HPRegen  0.34/turn              P - +6 ring of protection
MPRegen  0.24/turn              U - +4 ring of slaying

@: studying Long Blades, very quick
A: very small, unfitting armour, horns 1, see invisible, berserk 1, herbivore,
speed 3, slow metabolism 2, evolution 1, subdued magic 1
0: Orb of Zot
}: 3/15 runes: serpentine, barnacled, abyssal
a: Heroism, Finesse, Renounce Religion


You escaped.
You worshipped Okawaru.
Okawaru was exalted by your worship.
You were completely stuffed.

You visited 8 branches of the dungeon, and saw 44 of its levels.
You visited the Abyss 1 time.
You visited 1 bazaar.
You also visited: Bailey and Ice Cave.

You collected 6133 gold pieces.
You spent 2873 gold pieces at shops.

Inventory:

Hand Weapons
 a - a +9 quick blade (weapon)
 b - a +6 blowgun
Missiles
 f - 16 curare-tipped needles
 h - 7 poisoned needles
 t - 5 throwing nets
 w - 2 needles of frenzy
 O - 16 silver tomahawks
 S - 9 needles of paralysis
 X - 5 tomahawks (quivered)
 Z - 18 needles of confusion
Armour
 e - the +2 cloak of Follow the Leader {MR+ Str+3}
   (You bought it in a shop in a bazaar)

   It affects your strength (+3).
   It affects your resistance to hostile enchantments.
 n - a scarf of spirit shield (worn)
 y - a +3 buckler of protection (worn)
 A - a +2 hat of intelligence (worn)
 L - +4 fire dragon scales (worn)
 Y - the +4 moon troll leather armour {Spirit, Regen++ MP+5}
   (You took it off a centaur on level 1 of the Shoals)

   It affects your magic capacity (+5).
   It increases your rate of regeneration.
Jewellery
 d - the amulet "Kurof" (around neck) {Faith rC+ MR++ Str+3 Int+2}
   (You found it on level 3 of the Lair of Beasts)

   [amulet of faith]

   It allows you to gain divine favour quickly.
   It affects your strength (+3).
   It affects your intelligence (+2).
   It protects you from cold.
   It affects your resistance to hostile enchantments.
 s - an uncursed ring of flight
 E - an uncursed ring of protection from fire
 P - a +6 ring of protection (left hand)
 U - a +4 ring of slaying (right hand)
Wands
 j - a wand of acid (42)
 q - a wand of scattershot (10)
 r - a wand of clouds (18)
 v - a wand of iceblast (40)
 F - a wand of enslavement (31)
 V - a wand of digging (28)
 W - a wand of paralysis (22)
Scrolls
 c - 2 scrolls of silence {!r}
 m - 31 scrolls of remove curse {!r}
 o - 17 scrolls of teleportation {!r}
 p - 3 scrolls of blinking {!r}
 u - 4 scrolls of fear {!r}
 B - 8 scrolls of magic mapping {!r}
 I - 2 scrolls of summoning {!r}
 J - 9 scrolls of identify {!r}
 T - 5 scrolls of fog {!r}
Potions
 i - a potion of magic {!q}
 k - 7 potions of cancellation {!q}
 l - 4 potions of might {!q}
 C - 8 potions of haste {!q}
 D - 4 potions of heal wounds {!q}
 H - 2 potions of mutation {!q}
 K - 10 potions of curing {!q}
 M - 8 potions of agility {!q}
 N - 6 potions of brilliance {!q}
Books
 R - a manual of Long Blades
Miscellaneous
 z - a phial of floods
 G - a fan of gales
 Q - a sack of spiders
Comestibles
 g - 45 rations


   Skills:
 * Level 20.3 Fighting
 - Level 8.0 Short Blades
 - Level 22.0 Throwing
 + Level 15.8 Armour
 - Level 22.0 Dodging
 - Level 22.0 Stealth
 - Level 7.2 Shields
 - Level 8.0 Invocations
 - Level 13.5 Evocations


You had 14 spell levels left.
You knew the following spells:

 Your Spells              Type           Power        Failure   Level  Hunger
a - Summon Butterflies    Summ           #.......     38%         1    ##.....
b - Apportation           Tloc           #.....       38%         1    ##.....
c - Summon Lightning Spi  Summ/Air       #.......     99%         4    #####..
r - Regeneration          Chrm/Necr      #.........   77%         3    ####...
z - Confusing Touch       Hex            #.....       38%         1    ##.....


Dungeon Overview and Level Annotations

Branches:
Dungeon (15/15)            Temple (0/1) D:6            Lair (6/6) D:10
 Shoals (4/4) Lair:4        Snake (4/4) Lair:2        Slime (0/5) Lair:5
    Orc (2/2) D:11            Elf (3/3) Orc:2        Vaults (0/5) D:13
 Depths (5/5) D:15            Zot (5/5) Depths:5

Altars:
Ashenzari
Cheibriados
Dithmenos
Elyvilon
Fedhas
Hepliaklqana
Kikubaaqudgha
Makhleb
Nemelex Xobeh
Okawaru
Qazlal
Sif Muna
Vehumet
Yredelemnul
The Shining One
Beogh

Shops:
D:7 [   D:9 :   D:11 %([   D:14 !   D:15 ?*=   Orc:2 =([*   Elf:1 :   Elf:3 (
Snake:1 ?   Snake:2 }

Portals:
Hell: Depths:1 Depths:2 Depths:3 Depths:4 Depths:5
Abyss: Depths:4 Depths:5
Pandemonium: Depths:1 Depths:3
Ziggurat: Depths:3


Innate Abilities, Weirdness & Mutations

You are very small and have problems with some larger weapons.
You are too small for most types of armour.
You have supernaturally acute eyesight. (SInv)
You are a herbivore.
You cover ground extremely quickly.
You need to consume almost no food.
You have a pair of small horns on your head.
You tend to lose your temper in combat.
You evolve.
Your spells are a little easier to cast, but a little less powerful.


Message History

There is a stone staircase leading up here.
You climb upwards.
There is a stone staircase leading down here.
There is a stone staircase leading up here.
You climb upwards.
There is a stone staircase leading down here.
Magic restored.
There is an open door here.
There is an open door here.
There is a stone staircase leading up here.
You climb upwards.
There is a stone staircase leading down here.
There is an open door here.
There is an open door here.
HP restored.
There is a stone staircase leading up here.
You climb upwards.
There is a stone staircase leading down here.
You see here 16 arrows.
There is a stone staircase leading up here.
You climb upwards.
There is a stone staircase leading down here.
A tormentor comes into view.
The tormentor roars!
There is a stone staircase leading up here.
The tormentor calls on the powers of darkness!
Your body is wracked with pain!
You climb upwards.
There is a stone staircase leading down here.
(D) Dungeon (T) Temple (L) Lair (A) Shoals (P) Snake Pit (M) Slime Pits (O) Orcish Mines (E) Elven Halls (V) Vaults (U) Depths (H) Hell (Z) Zot
Where to? (Enter - D:1 @ (x,y), ? - help)
There is an open door here.
Things that are here:
a club; a blowgun
There is a stone staircase leading up here.
You climb upwards.
There is a stone staircase leading down here.
A smoke demon comes into view.
The smoke demon gestures at you. Something smites you!
(D) Dungeon (T) Temple (L) Lair (A) Shoals (P) Snake Pit (M) Slime Pits (O) Orcish Mines (E) Elven Halls (V) Vaults (U) Depths (H) Hell (Z) Zot
Where to? (Enter - D:1 @ (x,y), ? - help) Magic restored.
There is a stone staircase leading up here.
You climb upwards.
There is a stone staircase leading down here.
A soul eater comes into view.
The soul eater draws from the surrounding life force!
The soul eater draws from the surrounding life force!
* * * LOW HITPOINT WARNING * * *
You see here a whip.
You see here a dagger.
You see here a club.
A ynoxinul comes into view.
The ynoxinul moves out of view.
The ynoxinul gestures at you. You block the iron shot.
You see here 24 arrows.
There is a staircase leading out of the dungeon here.
You have escaped!

##....).......# #.....#
###..........# #.....# ##
####..........######.....##### .#
#...........>.)).............. .#
#.##..........######.....##### .#
#.###.....#######........#
.###.###..##.#..........#.###
.....##...##.#.####.##..#.###
###.......##.#.#@.#.##......#####
###.....##.#.#..#.##....#......
#.#...##)#(##.#.##.#.#######.
#.....##.#....#3##.#.# #.
###...##)######.##...# #.
#..................# #.
#.....########...#.# ###.
#..#..........#....#####...
#.............#)#####......


There were no monsters in sight!

Vanquished Creatures
  6 orbs of fire (Zot:5)
  A pandemonium lord (Depths:1)
  7 ancient liches
  6 juggernauts
  Margery (Depths:3)
  Saint Roka (Snake:3)
  Vashnia (Snake:4)
  4 caustic shrikes (Depths:4)
  2 curse toes
  7 golden dragons
  A bone dragon (Depths:5)
  3 liches
  Rupert (Snake:1)
  2 electric golems (Zot:5)
  22 Orb Guardians
  7 tentacled monstrosities
  Asterion (Snake:4)
  4 titans
  2 deep elf master archers (Elf:3)
  2 deep elf blademasters (Elf:3)
  A death cob (Zot:5)
  6 quicksilver dragons
  A tentacled starspawn (Abyss:1)
  2 sphinxes
  Frances (Elf:1)
  2 krakens (Shoals:3)
  6 tengu reavers
  A shadow dragon (Zot:5)
  Agnes (Snake:2)
  Roxanne (Shoals:2)
  9 storm dragons
  A draconian monk (Abyss:2)
  Ilsuiw (Shoals:4)
  10 fire giants
  4 iron dragons (Depths:4)
  5 ghost moths
  2 draconian knights
  A draconian scorcher (Zot:5)
  2 orc warlords
  5 deep elf sorcerers
  10 nagarajas
  The ghost of p0werm0de the Cleaver, a journeyman DDFi of Makhleb (Snake:2)
  11 frost giants
  A draconian stormcaller (Zot:1)
  Aizul (Snake:2)
  A reaper (Depths:1)
  9 spriggan defenders
  3 draconian annihilators
  2 vampire knights
  4 starcursed masses (Abyss:4)
  17 very ugly things
  20 stone giants
  4 black draconians
  Nessos (D:14)
  4 deep elf demonologists (Elf:3)
  2 green draconians
  Azrael (D:15)
  3 deep elf annihilators
  4 white draconians
  6 red draconians
  4 yellow draconians
  A minotaur (shapeshifter) (Depths:3)
  11 spark wasps
  6 purple draconians
  2 blizzard demons (IceCv)
  9 ettins
  Snorg (D:13)
  4 merfolk javelineers (Shoals:4)
  3 jiangshi (Depths:3)
  9 deep elf death magi
  8 merfolk impalers
  11 great orbs of eyes
  10 yaktaur captains
  10 fire dragons
  Josephine (D:15)
  14 naga warriors
  4 deep elf high priests
  4 rakshasas
  10 ice dragons
  6 hydras
  7 spriggan air magi
  4 alligator snapping turtles
  10 centaur warriors
  A catoblepas (Lair:6)
  4 anacondas
  19 two-headed ogres
  30 dancing weapons
  8 merfolk avatars
  5 ogre magi
  9 merfolk aquamancers
  7 death yaks (Lair:6)
  8 deep troll shamans
  Urug (Orc:2)
  A satyr (Shoals:3)
  3 orc high priests
  2 vampire magi
  7 tengu warriors
  12 spriggan berserkers
  7 hell knights (Depths:3)
  18 naga sharpshooters
  4 shock serpents
  Nergalle (Orc:2)
  9 deep troll earth magi
  3 iron trolls
  10 deep elf knights
  3 wretched stars
  2 salamander mystics (Snake:4)
  3 large abominations (Abyss:4)
  A sixfirhy (Abyss:2)
  A glowing orange brain (Depths:4)
  20 deep trolls
  2 flayed ghosts
  A kraken simulacrum (Shoals:4)
  3 naga ritualists
  11 sea snakes
  3 spriggan druids (Depths:2)
  3 wizards
  An orange crystal statue (Elf:2)
  10 deep elf archers
  A lindwurm (Lair:6)
  4 necromancers
  7 orc knights
  18 harpies
  A wolf spider zombie (D:15)
  47 deep elf magi
  5 mana vipers
  2 oklob plants (Lair:2)
  42 ugly things
  6 orc sorcerers
  16 moths of wrath
  8 cyclopes
  A salamander (shapeshifter) (D:13)
  12 manticores
  10 merfolk sirens
  A moth of wrath (shapeshifter) (Depths:3)
  13 salamanders
  9 fauns
  3 guardian serpents
  19 naga magi
  A centaur zombie (D:12)
  3 elephants (Lair:6)
  An apocalypse crab (Abyss:4)
  A rust devil (Zot:1)
  40 black mambas
  An eye of devastation (shapeshifter) (Depths:5)
  A centaur skeleton (D:15)
  A torpor snail (Lair:6)
  7 spiny frogs
  6 smoke demons
  2 ice statues
  6 water nymphs
  5 freezing wraiths (IceCv)
  A kobold demonologist (D:15)
  2 efreet
  A hellion (Depths:5)
  A golden dragon simulacrum (IceCv)
  9 komodo dragons
  3 rime drakes
  A komodo dragon (shapeshifter) (Abyss:4)
  25 yaktaurs
  An ancient zyme (Abyss:4)
  6 ice devils
  2 anaconda simulacra (IceCv)
  A red devil (Depths:1)
  3 tengu conjurers
  26 merfolk
  3 polar bears
  10 trolls
  5 wind drakes
  19 hornets
  12 slime creatures
  8 raiju
  Prince Ribbit (D:8)
  14 blink frogs
  Grinder (D:4)
  A raiju (shapeshifter) (Depths:4)
  11 hippogriffs
  A fire dragon skeleton (Depths:1)
  14 dream sheep
  11 snapping turtles
  2 vampires
  2 shadows (D:13)
  Sigmund (D:4)
  An ettin skeleton (Depths:1)
  18 spriggans
  A redback (shapeshifter) (Depths:4)
  A ynoxinul (Abyss:1)
  The ghost of Amnesiac the Sneak, an amateur SpAs (D:4)
  8 air elementals
  28 yaks
  13 water elementals
  5 wraiths
  2 wyverns
  4 dire elephant simulacra (IceCv)
  2 basilisks
  A spriggan (shapeshifter) (Depths:4)
  A basilisk (shapeshifter) (Depths:1)
  A golden eye (shapeshifter) (Depths:4)
  3 hungry ghosts
  11 fire elementals
  9 vampire mosquitoes
  3 harpy simulacra (IceCv)
  A tengu zombie (Depths:1)
  9 wargs
  A soldier ant (D:11)
  An acid dragon (D:12)
  74 nagas
  4 hell hounds
  3 iron troll simulacra (IceCv)
  11 water moccasins
  9 porcupines
  A floating eye (Depths:4)
  4 black bears
  2 hydra simulacra (IceCv)
  38 orc warriors
  5 ice beasts
  An alligator simulacrum (IceCv)
  A deep troll simulacrum (Depths:1)
  12 boggarts
  5 phantoms
  2 necrophages
  4 sky beasts
  20 wolves
  8 ogres
  8 crocodiles
  31 centaurs
  6 big kobolds
  26 bullfrogs
  2 earth elementals
  A wyvern zombie (D:12)
  A wyvern skeleton (D:14)
  8 scorpions
  21 killer bees
  An elephant simulacrum (IceCv)
  A howler monkey (D:14)
  15 wights
  2 electric eels
  5 lava snakes (D:14)
  12 crimson imps
  3 draconian simulacra (IceCv)
  A quasit (Abyss:2)
  5 small abominations
  A bullfrog zombie (D:12)
  20 orc priests
  5 jellies
  Crazy Yiuf (D:2)
  2 bullfrog skeletons
  3 hounds
  Ijyb (D:4)
  6 iguanas
  23 orc wizards
  12 worker ants
  4 troll simulacra (IceCv)
  A spriggan simulacrum (IceCv)
  A wolf simulacrum (IceCv)
  A centaur simulacrum (IceCv)
  A hound skeleton (D:5)
  A hound zombie (D:5)
  12 adders
  3 gnolls (D:5)
  2 naga simulacra (IceCv)
  5 ogre simulacra (IceCv)
  5 white imps (IceCv)
  3 shadow imps
  4 ufetubi (IceCv)
  4 oozes
  An adder zombie (D:7)
  2 adder skeletons
  2 worms (D:3)
  2 ball lightnings (Depths:5)
  3 dart slugs
  7 leopard geckos
  94 orcs
  7 giant cockroaches
  13 goblins
  8 hobgoblins
  7 jackals
  19 kobolds
  3 quokkas
  4 ball pythons (D:1)
  8 bats
  8 frilled lizards
  A jackal skeleton (D:4)
  A leopard gecko skeleton (D:9)
  A quokka zombie (D:5)
  6 rats
  A spectral orc (D:3)
  2 fire vortices (D:14)
  4 fungi (Depths:4)
  A plant (Lair:2)
  4 tentacles (Shoals:3)
1936 creatures vanquished.

Vanquished Creatures (collateral kills)
  2 death cobs
  2 storm dragons
  A draconian monk (Zot:4)
  A draconian scorcher (Zot:4)
  5 very ugly things (Depths:5)
  A green draconian (Zot:5)
  A yellow draconian (Zot:4)
  2 purple draconians (Zot:4)
  An ettin (Depths:2)
  2 great orbs of eyes (Depths:5)
  A merfolk impaler (Shoals:2)
  A deep troll earth mage (Depths:5)
  A sixfirhy (Zot:1)
  An ugly thing (Depths:5)
  3 merfolk (Shoals:2)
  A hippogriff (Shoals:2)
26 creatures vanquished.

Vanquished Creatures (others)
  An Orb Guardian (Zot:5)
  2 death cobs
  A draconian stormcaller (Zot:1)
  A very ugly thing (Depths:5)
  A yellow draconian (Zot:4)
  A deep elf knight (Elf:2)
  An ugly thing (Depths:5)
  3 deep elf magi
  2 moths of wrath
  A salamander (Snake:4)
  2 boggarts
  A shadow imp (D:14)
  A white imp (IceCv)
  4 ufetubi (IceCv)
  2 orcs
  3 fungi
  6 plants
  14 starspawn tentacles
  8 tentacles (Shoals:3)
55 creatures vanquished.

Grand Total: 2017 creatures vanquished

Notes
Turn   | Place    | Note
-------+----------+-------------------------------------------
     0 | D:1      | Amnesiac the Spriggan Assassin began the quest for the Orb.
     0 | D:1      | Reached XP level 1. HP: 10/10 MP: 2/2
   104 | D:1      | Reached XP level 2. HP: 10/14 MP: 3/3
   506 | D:1      | Reached XP level 3. HP: 17/18 MP: 4/4
   927 | D:2      | Found a deep blue altar of Sif Muna.
  1081 | D:2      | Found a white marble altar of Elyvilon.
  1081 | D:2      | Found a burning altar of Makhleb.
  1086 | D:2      | Found an iron altar of Okawaru.
  1088 | D:2      | Found a blossoming altar of Fedhas.
  1089 | D:2      | Found an ancient bone altar of Kikubaaqudgha.
  1092 | D:2      | Became a worshipper of Warmaster Okawaru
  1207 | D:2      | Found a radiant altar of Vehumet.
  1228 | D:2      | Reached XP level 4. HP: 22/22 MP: 5/5
  1690 | D:2      | Found a runed door.
  1715 | D:2      | Noticed Crazy Yiuf
  1752 | D:2      | Killed Crazy Yiuf
  2298 | D:3      | Found a basalt altar of Yredelemnul.
  2711 | D:3      | Found a blossoming altar of Fedhas.
  2751 | D:3      | Reached XP level 5. HP: 21/25 MP: 6/6
  2857 | D:4      | Noticed Ijyb
  2877 | D:4      | Noticed Amnesiac's ghost (amateur SpAs)
  2882 | D:4      | Noticed an ogre
  2939 | D:4      | Noticed Sigmund
  2959 | D:4      | Killed Sigmund
  2959 | D:4      | Reached * piety under Okawaru
  2959 | D:4      | Reached XP level 6. HP: 30/30 MP: 7/7
  2968 | D:4      | Noticed Grinder
  2988 | D:4      | Reached skill level 1 in Shields
  3209 | D:4      | Paralysed by Grinder for 6 turns
  3263 | D:4      | Killed Grinder
  3263 | D:4      | Reached skill level 5 in Short Blades
  3263 | D:4      | Reached XP level 7. HP: 33/33 MP: 8/8
  3490 | D:4      | Killed Ijyb
  3629 | D:4      | Reached ** piety under Okawaru
  3666 | D:4      | Reached skill level 5 in Throwing
  3752 | D:4      | Reached skill level 5 in Fighting
  3752 | D:4      | Reached XP level 8. HP: 33/43 MP: 9/9
  3808 | D:4      | Killed Amnesiac's ghost
  3808 | D:4      | Reached skill level 5 in Shields
  3961 | D:4      | Got an encrusted war axe
  3962 | D:4      | Identified the +6 war axe "Undertaker" {chop, rF+ rN++ Str-4} (You found it on level 4 of the Dungeon)
  4223 | D:5      | Entered Level 5 of the Dungeon
  4571 | D:5      | Reached XP level 9. HP: 47/47 MP: 10/10
  4919 | D:5      | Reached *** piety under Okawaru
  5958 | D:6      | Found a staircase to the Ecumenical Temple.
  6252 | D:7      | Found a hazy altar of Hepliaklqana.
  6333 | D:7      | Reached **** piety under Okawaru
  6976 | D:7      | Received a gift from Okawaru
  6978 | D:7      | Found Votax's Antique Armour Shop.
  6986 | D:7      | Bought an embroidered robe for 85 gold pieces
  7217 | D:7      | Reached XP level 10. HP: 28/53 MP: 7/11
  7811 | D:8      | Noticed Prince Ribbit
  7815 | D:8      | Killed Prince Ribbit
  8289 | D:8      | Found a shadowy altar of Dithmenos.
  8484 | D:8      | Reached ***** piety under Okawaru
  8665 | D:8      | Noticed a two-headed hydra
  8675 | D:8      | Killed a one-headed hydra
  8675 | D:8      | Reached skill level 10 in Throwing
  9650 | D:9      | Noticed a two-headed ogre
  9707 | D:9      | Killed a two-headed ogre
  9707 | D:9      | Received a gift from Okawaru
  9707 | D:9      | Reached XP level 11. HP: 56/56 MP: 12/12
  9723 | D:9      | Noticed a two-headed ogre
  9765 | D:9      | Killed a two-headed ogre
  9765 | D:9      | Received a gift from Okawaru
  9895 | D:9      | Found Nyskum's Book Emporium.
 10255 | D:10     | Entered Level 10 of the Dungeon
 10272 | D:10     | Noticed a two-headed ogre
 10357 | D:9      | Killed a two-headed ogre
 10465 | D:10     | Noticed a two-headed ogre
 10476 | D:10     | Found a sparkling altar of Nemelex Xobeh.
 10544 | D:10     | Received a gift from Okawaru
 10598 | D:10     | Killed a two-headed ogre
 10858 | D:10     | Reached XP level 12. HP: 48/64 MP: 13/13
 11316 | D:10     | Found a flagged portal.
 11365 | Bailey   | Entered a bailey
 11661 | Bailey   | Reached skill level 10 in Dodging
 11919 | D:10     | Found a staircase to the Lair.
 12000 | D:11     | Found a staircase to the Orcish Mines.
 12000 | D:11     | Found Naem's Armour Emporium.
 12001 | D:11     | Found Cahac's Weapon Emporium.
 12075 | D:11     | Found a shattered altar of Ashenzari.
 12503 | D:11     | Found Zeba's Food Emporium.
 12518 | D:11     | Noticed a two-headed ogre
 12544 | D:11     | Killed a two-headed ogre
 12544 | D:11     | Received a gift from Okawaru
 12741 | D:11     | Received a gift from Okawaru
 13180 | D:12     | Reached ****** piety under Okawaru
 13195 | D:12     | Received a gift from Okawaru
 13195 | D:12     | Reached XP level 13. HP: 49/70 MP: 9/14
 14160 | Orc:1    | Entered Level 1 of the Orcish Mines
 14250 | Orc:1    | Noticed an orc warlord
 14283 | Orc:1    | Killed an orc warlord
 14462 | Orc:1    | Found a roughly hewn altar of Beogh.
 15003 | Orc:2    | Entered Level 2 of the Orcish Mines
 15003 | Orc:2    | Found a staircase to the Elven Halls.
 15253 | Orc:2    | Noticed Urug
 15253 | Orc:2    | Noticed Nergalle
 15257 | Orc:2    | Received a gift from Okawaru
 15257 | Orc:2    | Reached skill level 10 in Fighting
 15480 | Orc:2    | Killed Urug
 15520 | Orc:2    | Noticed an orc warlord
 15528 | Orc:2    | Found a roughly hewn altar of Beogh.
 15533 | Orc:2    | Killed Nergalle
 15541 | Orc:2    | Killed an orc warlord
 15630 | Orc:2    | Found Jiararchuo's Antique Armour Boutique.
 15638 | Orc:2    | Bought a runed buckler for 232 gold pieces
 15656 | Orc:2    | Found Qoss's Jewellery Boutique.
 15668 | Orc:2    | Found Dohonta's Antique Weapon Boutique.
 15671 | Orc:2    | Found Zyplu's General Store.
 15788 | Orc:2    | Bought a +6 ring of protection for 1014 gold pieces
 16474 | D:13     | Noticed Snorg
 16581 | D:13     | Killed Snorg
 16818 | D:13     | Reached XP level 14. HP: 79/79 MP: 15/15
 17294 | D:13     | Found a gate to the Vaults.
 17879 | D:15     | Entered Level 15 of the Dungeon
 17939 | D:15     | Found Lausiunn's Jewellery Boutique.
 17957 | D:15     | Found a staircase to the Depths.
 17969 | D:15     | Received a gift from Okawaru
 18019 | D:15     | Found Goevisea's General Store.
 18260 | D:14     | Found Iriyler's Distillery.
 18263 | D:14     | Noticed Nessos
 18363 | D:14     | Killed Nessos
 19144 | D:15     | Received a gift from Okawaru
 19196 | D:15     | Noticed Azrael
 19310 | D:15     | Killed Azrael
 19444 | D:15     | Noticed Josephine
 19454 | D:15     | Killed Josephine
 19631 | D:15     | Found Suiheos's Magic Scroll Shoppe.
 20091 | Orc:2    | Bought a +4 ring of slaying for 1014 gold pieces
 20214 | Lair:1   | Entered Level 1 of the Lair of Beasts
 20308 | Lair:1   | Reached skill level 1 in Invocations
 21497 | Lair:2   | Received a gift from Okawaru
 21810 | Lair:2   | Found a staircase to the Snake Pit.
 22155 | Snake:1  | Entered Level 1 of the Snake Pit
 22181 | Lair:2   | Received a gift from Okawaru
 22268 | Lair:3   | Got a heavily runed silver amulet
 22269 | Lair:3   | Identified the amulet "Kurof" {Faith rC+ MR++ Str+3 Int+2} (You found it on level 3 of the Lair of Beasts)
 22314 | Lair:3   | Reached XP level 15. HP: 85/85 MP: 19/19
 22396 | Lair:3   | Reached skill level 5 in Invocations
 22528 | Lair:3   | Received a gift from Okawaru
 23054 | Lair:4   | Got a faintly glowing mace
 23207 | Lair:4   | Found a staircase to the Shoals.
 23714 | Lair:4   | Received a gift from Okawaru
 23741 | Lair:4   | Got a wizard robe
 23915 | Lair:5   | Identified the cursed +1 robe "Eprisit" {rPois rF+} (You found it on level 4 of the Lair of Beasts)
 23976 | Lair:5   | Found a staircase to the Slime Pits.
 24293 | Lair:6   | Entered Level 6 of the Lair of Beasts
 24875 | Lair:6   | Reached skill level 5 in Evocations
 25210 | Lair:6   | Received a gift from Okawaru
 26527 | Snake:1  | Found Xegaopsu's Magic Scroll Emporium.
 26538 | Snake:1  | Reached skill level 15 in Throwing
 26538 | Snake:1  | Reached skill level 15 in Dodging
 26564 | Snake:1  | Bought a scroll of enchant weapon for 97 gold pieces
 26564 | Snake:1  | Bought a scroll of enchant weapon for 97 gold pieces
 26703 | Snake:1  | Received a gift from Okawaru
 26734 | Snake:1  | Got a distressingly furry robe {god gift}
 26869 | Snake:1  | Found a snail-covered altar of Cheibriados.
 26900 | Snake:1  | Identified the +2 robe of Jeak {rPois rN+ Int+7 Dex-5} (Okawaru gifted it to you on level 1 of the Snake Pit)
 26903 | Snake:1  | Got a transparent amber ring
 26905 | Snake:1  | Identified the ring "Kunus" {rPois Str-2 Int+6} (You found it on level 1 of the Snake Pit)
 27093 | Snake:1  | Noticed Rupert
 27453 | Snake:1  | Reached XP level 16. HP: 59/90 MP: 17/23
 27609 | Snake:1  | Killed Rupert
 27708 | Snake:2  | Noticed Agnes
 27815 | Snake:2  | Killed Agnes
 28591 | Snake:2  | Received a gift from Okawaru
 29135 | Snake:2  | Noticed Aizul
 29148 | Snake:2  | Killed Aizul
 29474 | Snake:2  | Found Geocs's Gadget Shop.
 29516 | Snake:2  | Noticed p0werm0de's ghost (journeyman DDFi)
 29622 | Snake:2  | Killed p0werm0de's ghost
 29774 | Snake:2  | Received a gift from Okawaru
 30123 | Snake:3  | Identified a paperback manual
 30202 | Snake:3  | Received a gift from Okawaru
 30263 | Snake:3  | Received a gift from Okawaru
 30614 | Snake:3  | Noticed Saint Roka
 30656 | Snake:3  | Killed Saint Roka
 31211 | Snake:3  | Received a gift from Okawaru
 31232 | Snake:4  | Entered Level 4 of the Snake Pit
 31252 | Snake:4  | Noticed Vashnia
 31288 | Snake:4  | Killed Vashnia
 32035 | Snake:4  | Noticed Asterion
 32101 | Snake:4  | Reached XP level 17. HP: 80/95 MP: 24/24
 32169 | Snake:4  | Killed Asterion
 32169 | Snake:4  | Received a gift from Okawaru
 32173 | Snake:4  | Identified the +0 animal skin of the Pink Corner {rC+ rN+ Str+2} (Okawaru gifted it to you on level 4 of the Snake Pit)
 34268 | Snake:4  | Received a gift from Okawaru
 34938 | Snake:4  | Received a gift from Okawaru
 35289 | Snake:4  | Got a serpentine rune of Zot
 35875 | Shoals:1 | Entered Level 1 of the Shoals
 37724 | Shoals:2 | Found a flickering gateway to a bazaar.
 37760 | Bazaar   | Entered a bazaar
 37762 | Bazaar   | Found Quuhuega's Magic Scroll Boutique.
 37766 | Bazaar   | Found Upnimab's Antique Armour Boutique.
 37766 | Bazaar   | Found Daytrif's Armour Boutique.
 37767 | Bazaar   | Found Ejut Eru Peh's Antique Weapon Boutique.
 37797 | Bazaar   | Bought the +2 cloak of Follow the Leader {MR+ Str+3} for 334 gold pieces
 38516 | Shoals:1 | Received a gift from Okawaru
 38527 | Shoals:1 | Reached XP level 18. HP: 78/102 MP: 21/25
 38839 | Shoals:2 | Received a gift from Okawaru
 38911 | Shoals:2 | HP: 5/102 [merfolk aquamancer] (6)]
 39181 | Shoals:2 | Noticed Roxanne
 39204 | Shoals:2 | Killed Roxanne
 39345 | Shoals:3 | Learned a level 1 spell: Summon Butterflies
 39347 | Shoals:3 | Learned a level 1 spell: Apportation
 39557 | Shoals:3 | Received a gift from Okawaru
 39679 | Shoals:3 | Received a gift from Okawaru
 39682 | Shoals:3 | Got twisted ice dragon scales {god gift}
 39693 | Shoals:3 | Identified the +1 ice dragon scales of Integrity {rElec rF- rC++ Slay+3} (Okawaru gifted it to you on level 3 of the Shoals)
 39982 | Shoals:3 | Found a frozen archway.
 40006 | IceCv    | Entered an ice cave
 40828 | IceCv    | Identified Sif Muna's Guide on Snow and Dark Arts
 41031 | Shoals:4 | Entered Level 4 of the Shoals
 41491 | Shoals:4 | Received a gift from Okawaru
 41769 | Shoals:4 | Received a gift from Okawaru
 41904 | Shoals:4 | Got a barnacled rune of Zot
 42020 | Shoals:4 | Noticed Ilsuiw
 42046 | Shoals:4 | Killed Ilsuiw
 42206 | Shoals:4 | Reached skill level 15 in Fighting
 42737 | Elf:1    | Entered Level 1 of the Elven Halls
 43196 | Elf:1    | Found Zorefa's Book Boutique.
 43200 | Elf:1    | Reached XP level 19. HP: 108/108 MP: 26/26
 43471 | Elf:1    | Noticed Frances
 43483 | Elf:1    | Killed Frances
 43656 | Elf:1    | Received a gift from Okawaru
 43731 | Elf:1    | Learned a level 1 spell: Confusing Touch
 43735 | Elf:1    | Learned a level 3 spell: Regeneration
 44260 | Elf:2    | Received a gift from Okawaru
 44605 | Elf:2    | Found a runed gate.
 44605 | Elf:2    | Found a runed gate.
 44606 | Elf:2    | Found a runed gate.
 45243 | Elf:3    | Entered Level 3 of the Elven Halls
 45605 | Elf:3    | Found Ocliq's Antique Weapon Shop.
 45983 | Elf:3    | Received a gift from Okawaru
 46259 | Elf:3    | Received a gift from Okawaru
 46470 | Elf:3    | Received a gift from Okawaru
 46506 | Elf:3    | Got an iridescent rapier {god gift}
 46576 | Elf:3    | Reached XP level 20. HP: 114/114 MP: 21/27
 46843 | Elf:3    | Got a steaming falchion
 47180 | Depths:1 | Entered Level 1 of the Depths
 47233 | Depths:1 | Received a gift from Okawaru
 47861 | Depths:1 | Found a glowing golden altar of the Shining One.
 48423 | Depths:1 | Received a gift from Okawaru
 48426 | Depths:1 | Identified the +2 buckler of Fortification {rN+ SInv} (Okawaru gifted it to you on level 1 of the Depths)
 48538 | Depths:1 | Found a one-way gate leading to the halls of Pandemonium.
 48751 | Depths:1 | Found a gateway to Hell.
 50473 | Depths:2 | Received a gift from Okawaru
 50829 | Depths:2 | Received a gift from Okawaru
 51603 | Depths:3 | Reached XP level 21. HP: 106/121 MP: 25/28
 52080 | Depths:3 | Noticed Margery
 52138 | Depths:3 | Killed Margery
 52138 | Depths:3 | Received a gift from Okawaru
 52350 | Depths:3 | Noticed a juggernaut
 52422 | Depths:3 | Received a gift from Okawaru
 52661 | Depths:3 | Received a gift from Okawaru
 52810 | Depths:3 | Found a gateway to a ziggurat.
 52942 | Depths:3 | Reached skill level 1 in Armour
 53058 | Depths:3 | Killed a juggernaut
 53500 | Depths:3 | Reached skill level 5 in Armour
 53689 | Depths:3 | Noticed a golden dragon
 53693 | Depths:3 | Reached skill level 10 in Stealth
 53714 | Depths:3 | Killed a golden dragon
 53714 | Depths:3 | Received a gift from Okawaru
 54456 | Depths:3 | Noticed a golden dragon
 54469 | Depths:3 | Reached XP level 22. HP: 128/128 MP: 29/29
 54527 | Depths:3 | Killed a golden dragon
 54527 | Depths:3 | Received a gift from Okawaru
 54645 | Depths:3 | Noticed a golden dragon
 54673 | Depths:3 | Killed a golden dragon
 54673 | Depths:3 | Received a gift from Okawaru
 54805 | Depths:3 | Reached skill level 15 in Stealth
 55479 | Depths:4 | Noticed a golden dragon
 55493 | Depths:4 | Killed a golden dragon
 55618 | Depths:4 | Noticed a caustic shrike
 55636 | Depths:4 | Killed a caustic shrike
 55706 | Depths:4 | Found an ancient bone altar of Kikubaaqudgha.
 55707 | Depths:4 | Found a stormy altar of Qazlal.
 55714 | Depths:4 | Found a snail-covered altar of Cheibriados.
 55821 | Depths:4 | Noticed a juggernaut
 55866 | Depths:4 | Killed a juggernaut
 55866 | Depths:4 | Received a gift from Okawaru
 55978 | Depths:4 | Noticed a juggernaut
 56017 | Depths:4 | Killed a juggernaut
 56024 | Depths:4 | Received a gift from Okawaru
 56092 | Depths:4 | Noticed a juggernaut
 56100 | Depths:4 | Noticed a caustic shrike
 56118 | Depths:4 | Killed a caustic shrike
 56166 | Depths:4 | Noticed a caustic shrike
 56203 | Depths:4 | Killed a juggernaut
 56279 | Depths:4 | Killed a caustic shrike
 56372 | Depths:4 | Identified the Incunabulum of Igneous Contamination
 56405 | Depths:4 | Noticed a caustic shrike
 56431 | Depths:4 | Killed a caustic shrike
 56470 | Depths:4 | Noticed a juggernaut
 56495 | Depths:4 | Killed a juggernaut
 56528 | Depths:4 | Noticed a juggernaut
 56555 | Depths:4 | Killed a juggernaut
 56555 | Depths:4 | Reached XP level 23. HP: 116/133 MP: 28/30
 56712 | Depths:4 | Received a gift from Okawaru
 56727 | Depths:4 | Found a one-way gate to the infinite horrors of the Abyss.
 56889 | Depths:4 | Received a gift from Okawaru
 57114 | Depths:4 | Reached skill level 10 in Evocations
 57259 | Depths:5 | Entered Level 5 of the Depths
 58240 | Depths:5 | Received a gift from Okawaru
 58649 | Depths:5 | Received a gift from Okawaru
 58843 | Depths:5 | Received a gift from Okawaru
 59150 | Depths:5 | Found a gate to the Realm of Zot.
 59832 | Depths:5 | Voluntarily entered the Abyss.
 59945 | Abyss:1  | Found an ornate altar of the Wu Jian Council.
 60263 | Abyss:4  | Got an abyssal rune of Zot
 60310 | Abyss:4  | Found a corrupted altar of Lugonu.
 60440 | Abyss:4  | Received a gift from Okawaru
 60464 | Abyss:4  | Learned a level 4 spell: Summon Lightning Spire
 60665 | Depths:5 | Escaped the Abyss
 60687 | Zot:1    | Entered Level 1 of the Realm of Zot
 60712 | Zot:1    | Reached XP level 24. HP: 141/141 MP: 33/33
 60909 | Zot:2    | Received a gift from Okawaru
 61212 | Zot:5    | Entered Level 5 of the Realm of Zot
 61536 | Zot:5    | Reached skill level 10 in Armour
 61903 | Zot:5    | Noticed an ancient lich
 61912 | Zot:5    | Killed an ancient lich
 61964 | Zot:5    | Noticed an ancient lich
 61970 | Zot:5    | Killed an ancient lich
 61970 | Zot:5    | Received a gift from Okawaru
 61979 | Zot:5    | Noticed an ancient lich
 62002 | Zot:5    | Killed an ancient lich
 62002 | Zot:5    | Received a gift from Okawaru
 62200 | Zot:5    | Noticed an ancient lich
 62214 | Zot:5    | Killed an ancient lich
 62219 | Zot:5    | HP: 3/142 [electric golem/bolt of lightning (27)]
 62770 | Zot:5    | Noticed an ancient lich
 62771 | Zot:5    | Noticed an ancient lich
 63370 | Zot:4    | Killed an ancient lich
 63386 | Zot:5    | Reached XP level 25. HP: 121/147 MP: 34/34
 63438 | Zot:5    | Received a gift from Okawaru
 63465 | Zot:5    | Killed an ancient lich
 63465 | Zot:5    | Received a gift from Okawaru
 63491 | Zot:5    | Noticed an orb of fire
 63530 | Zot:5    | Gained mutation: You have large cloven feet. [an orb of fire]
 63540 | Zot:5    | Killed an orb of fire
 63700 | Zot:5    | Noticed an ancient lich
 63718 | Zot:5    | Killed an ancient lich
 63904 | Zot:5    | Noticed an orb of fire
 63927 | Zot:5    | Gained mutation: You are clumsy. (Dex -2) [an orb of fire]
 63949 | Zot:5    | Killed an orb of fire
 64534 | Zot:5    | Noticed an orb of fire
 64538 | Zot:5    | Gained mutation: Potions are less effective at restoring your health. [an orb of fire]
 64549 | Zot:5    | Gained mutation: Your body sometimes deteriorates upon taking damage. [an orb of fire]
 64558 | Zot:5    | Gained mutation: Your magical capacity is low. (-10% MP) [an orb of fire]
 64573 | Zot:5    | Killed an orb of fire
 64573 | Zot:5    | Received a gift from Okawaru
 64573 | Zot:5    | Reached skill level 15 in Armour
 64574 | Zot:5    | Got a ripped robe {god gift}
 64576 | Zot:5    | Lost mutation: You are clumsy. (Dex -2) [potion of mutation]
 64576 | Zot:5    | Lost mutation: You have large cloven feet. [potion of mutation]
 64576 | Zot:5    | Lost mutation: Potions are less effective at restoring your health. [potion of mutation]
 64576 | Zot:5    | Gained mutation: Your spells are a little easier to cast, but a little less powerful. [potion of mutation]
 64576 | Zot:5    | Lost mutation: Your magical capacity is low. (-10% MP) [potion of mutation]
 64576 | Zot:5    | Gained mutation: You are agile. (Dex +2) [potion of mutation]
 64952 | Zot:5    | Noticed an orb of fire
 64956 | Zot:5    | Gained mutation: You are dopey. (Int -2) [an orb of fire]
 64959 | Zot:5    | Gained mutation: You are weak. (Str -2) [an orb of fire]
 64961 | Zot:5    | Killed an orb of fire
 65013 | Zot:5    | Noticed an orb of fire
 65025 | Zot:5    | Killed an orb of fire
 65072 | Zot:5    | Noticed an orb of fire
 65077 | Zot:5    | Gained mutation: Your spells are easier to cast, but less powerful. [an orb of fire]
 65096 | Zot:5    | Killed an orb of fire
 65312 | Zot:5    | Got the Orb of Zot
 65566 | Depths:2 | Gained mutation: Your magical capacity is low. (-10% MP) [a cacodemon]
 65626 | Depths:1 | Noticed Nameduil the pandemonium lord
 65643 | Depths:1 | Killed Nameduil the pandemonium lord
 65675 | Depths:1 | Noticed Igrejumn the pandemonium lord
 65693 | D:15     | Lost mutation: You are agile. (Dex +2) [potion of mutation]
 65693 | D:15     | Lost mutation: Your body sometimes deteriorates upon taking damage. [potion of mutation]
 65693 | D:15     | Lost mutation: You are dopey. (Int -2) [potion of mutation]
 65693 | D:15     | Lost mutation: Your spells are easier to cast, but less powerful. [potion of mutation]
 65693 | D:15     | Gained mutation: You are dopey. (Int -2) [potion of mutation]
 65693 | D:15     | Lost mutation: You are weak. (Str -2) [potion of mutation]
 65693 | D:15     | Gained mutation: You have a pair of small horns on your head. [potion of mutation]
 65694 | D:15     | Lost mutation: Your magical capacity is low. (-10% MP) [potion of mutation]
 65694 | D:15     | Lost mutation: You are dopey. (Int -2) [potion of mutation]
 65694 | D:15     | Gained mutation: You tend to lose your temper in combat. [potion of mutation]
 65694 | D:15     | Gained mutation: You evolve. [potion of mutation]
 66143 | D:$      | Escaped with the Orb!

Vault maps used:
D:1:      zelgadis_glass_arrival_small, minmay_tetromino_i2
D:2:      lemuel_crystal_altar, chequers_temple_overflow_minitemple,
          lemuel_blue_sif_altar, uniq_crazy_yiuf_cottage
D:3:      yredelemnul_forgotten_temple_becter, first_ration, fedhas_altar_2
D:4:      uniq_ijyb, uniq_grinder, uniq_sigmund
D:5:      kennysheep_donut, minmay_misc_feat_iff
D:6:      minmay_temple_entry_nine_rooms
D:7:      basic_altar, serial_shops, nicolae_shop_overgrown_old_shop
D:8:      lemuel_round_altar, hangedman_ranch, grunt_decor_arrowhead,
          uniq_prince_ribbit1
D:9:      serial_shops, kennysheep_mini, serial_bayou_pond_e
D:10:     grunt_lair_entry_orc_guard_hut, basic_altar, enter_bailey_7
D:11:     orc_david_3, serial_shops, shop, evilmike_ruin_ashenzari
D:12:     corexii_corridor_pit
D:13:     david_vaults_4, uniq_snorg
D:14:     erik_rubicon_a, serial_shops, shop, minmay_crystal_room, minivault_16,
          uniq_nessos
D:15:     grunt_enter_depths_hoard, serial_shops, nicolae_shop_trees,
          shop_coins, shop, uniq_azrael, uniq_josephine
Lair:2:   guppyfry_snake_entry_island, lemuel_fruit_tree,
          minmay_lair_oklob_chamber, infiniplex_staircase_pool
Lair:4:   elwin_shoals_entry_rocks, hangedman_lair_generics_rect,
          serial_bayou_shore_a, grunt_megastairs_3
Lair:5:   slime_dummy
Lair:6:   grunt_lair_end_beastmaster
Shoals:2: serial_shops, bzr_entry_dummy, nicolae_shoals_water_shrine,
          uniq_roxanne
Shoals:3: portal_ice_cave_entry_dragon
Shoals:4: shoals_end_grunt_ice, shoal_ilsuiw
Snake:1:  basic_altar, serial_shops, shop, uniq_rupert
Snake:2:  serial_shops, nicolae_shop_behind_doors, uniq_aizul, uniq_agnes
Snake:3:  spider_trap, uniq_saint_roka
Snake:4:  minmay_snake_end_coiled, uniq_asterion, uniq_vashnia
Orc:1:    basic_altar
Orc:2:    grunt_orc_cross
Elf:1:    serial_shops, shop, evilmike_minifort, minmay_misc_feat_rows,
          uniq_frances
Elf:2:    hex_tiny, minivault_16, st_stairs_1
Elf:3:    elf_hall_gauntlet_narrow, serial_shops, shop
Depths:1: hellmouth_1, tso_altar, pan_entry, kennysheep_small_square
Depths:2: kb_forest_paths, hangedman_abyss_or_decor_passed,
          hangedman_coc_ice_floe
Depths:3: grunt_bent_corner, enter_ziggurat_f, grunt_metal_band,
          hangedman_abyss_or_decor_lesser_grid, pan_entry, minivault_22,
          roderic_lattice_octagonal_star
Depths:4: hangedman_slaughterboxes, abyss_entry, hell_entry
Depths:5: grunt_zot_entry_gee_three, hell_entry, abyss_entry,
          infiniplex_staircase_pool_lava
Zot:1:    gammafunk_its_a_trap
Zot:2:    stair_cage_cross
Zot:3:    circus_mu
Abyss:3:  due_evilmike_abyss_rune_seething_liches, hangedman_decor_peaks_small
Abyss:4:  nicolae_abyss_rune_star_stuff, bh_abyss_xom_lugonu_altar,
          evilmike_abyss_exit_kraken
Bazaar:   bazaar_minmay_cross
Bailey:   bailey_polearm_1, bailey
IceCv:    ice_cave_caverns_02

Skill      XL: |  1  2  3  4  5  6  7  8  9 10 11 12 13 14 15 16 17 18 19 20 21 22 23 24 25 |
---------------+----------------------------------------------------------------------------+-----
Stealth        | 6 7 8 12 21 22 | 22.0
Dodging        | 2 3 4 7 8 9 11 13 14 15 17 18 19 21 22 | 22.0
Short Blades   | 3 4 5 7 8 |  8.0
Throwing       | 3 4 8 9 10 12 13 14 15 17 18 19 21 22 | 22.0
Shields        | 1 4 5 7 |  7.2
Fighting       | 5 6 7 9 11 12 13 14 15 17 18 19 20 | 20.3
Invocations    | 4 8 |  8.0
Evocations     | 9 13 | 13.5
Armour         | 9 13 15 | 15.8

Action                   |  1- 3 |  4- 6 |  7- 9 | 10-12 | 13-15 | 16-18 | 19-21 | 22-24 | 25-27 || total
-------------------------+-------+-------+-------+-------+-------+-------+-------+-------+-------++-------
Melee: Dagger            |   121 |   110 |   367 |   760 |       |       |       |       |       ||  1358
       Falchion          |       |       |       |     2 |       |       |       |       |       ||     2
       Rapier            |       |       |       |     3 |       |       |       |       |       ||     3
       Quick blade       |       |       |       |       |  2805 |  1485 |  3163 |  2223 |   165 ||  9841
       Kick              |       |       |       |       |       |       |       |       |    42 ||    42
       Headbutt          |       |       |       |       |       |       |       |       |     4 ||     4
 Fire: Blowgun           |       |    51 |     5 |    84 |    69 |    62 |   138 |   124 |     2 ||   535
       Hunting sling     |       |    10 |   138 |       |       |       |       |       |       ||   148
       Fustibalus        |       |       |       |       |       |  1424 |       |       |       ||  1424
Throw: Stone             |       |     2 |       |     6 |       |    22 |     2 |       |       ||    32
       Tomahawk          |       |       |       |   113 |    47 |   273 |    87 |   252 |   245 ||  1017
       Throwing net      |       |       |       |       |       |     3 |    42 |     1 |       ||    46
 Cast: Regeneration      |       |       |       |       |       |       |       |       |     9 ||     9
       Summon Lightning  |       |       |       |       |       |       |       |       |     1 ||     1
Invok: Heroism           |       |       |       |       |     1 |    18 |    10 |    22 |     6 ||    57
       Finesse           |       |       |       |       |       |     4 |       |       |     3 ||     7
 Abil: Evoke Flight      |       |       |       |       |       |     3 |     4 |       |       ||     7
Evoke: Fan of gales      |       |       |       |       |       |     1 |       |       |       ||     1
       Wand              |       |       |       |       |       |       |    13 |     5 |     7 ||    25
       Sack of spiders   |       |       |       |       |       |       |     1 |       |       ||     1
       Phantom mirror    |       |       |       |       |       |       |       |     1 |       ||     1
  Use: Scroll            |     3 |       |     5 |    19 |    14 |     4 |    10 |     8 |       ||    63
       Potion            |       |     1 |     1 |     7 |       |     8 |     1 |     6 |    11 ||    35
 Stab: Sleeping          |     8 |     9 |    22 |    20 |    31 |    10 |    29 |    40 |       ||   169
       Distracted        |     1 |     1 |       |     4 |    10 |     3 |     4 |    14 |     2 ||    39
       Paralysed         |       |       |       |     2 |    47 |    25 |    15 |    20 |       ||   109
       Confused          |       |       |       |       |     5 |    18 |    17 |    74 |     2 ||   116
       Petrified         |       |       |       |       |    13 |       |       |       |       ||    13
       Petrifying        |       |       |       |       |     2 |       |       |       |       ||     2
       Held in net/web   |       |       |       |       |       |     1 |    18 |     3 |       ||    22
       Invisible         |       |       |       |       |       |       |     8 |       |       ||     8
  Eat: Ration            |       |       |     2 |     9 |     8 |     9 |    10 |     5 |     7 ||    50
Armor: Robe              |    10 |    14 |    15 |    24 |    35 |    35 |       |       |       ||   133
       Skin              |       |     7 |       |       |       |       |       |       |       ||     7
       Troll leather arm |       |       |       |     9 |    89 |   134 |   200 |   133 |       ||   565
       Swamp dragon scal |       |       |       |       |       |       |       |    10 |       ||    10
       Fire dragon scale |       |       |       |       |       |       |       |    49 |    23 ||    72
Dodge: Dodged            |    82 |    69 |   183 |   456 |   943 |  1245 |  1184 |   946 |    89 ||  5197
Block: Buckler           |       |    31 |    74 |   253 |   600 |   770 |   635 |   514 |    53 ||  2930
       Reflection        |       |       |       |       |     1 |       |       |       |       ||     1
       Rpst.: Falchion   |       |       |       |     1 |       |       |       |       |       ||     1

Table legend:
 A = Spawn XP
 B = Non-spawn XP
 C = Spawn XP percentage of total XP
 D = Spawn monster count
 E = Non-spawn monster count
 F = Spawn count percentage of total count
 G = Total turns spent on level
                    A         B        C        D         E        F      G
               +---------+---------+-------+---------+---------+-------+---------
         Total |    8172 | 1252139 |   0.6 |      17 |    1928 |   0.9 | 66143
               +---------+---------+-------+---------+---------+-------+---------
           D:1 |       0 |      67 |   0.0 |       0 |      35 |   0.0 |   905
           D:2 |       0 |      71 |   0.0 |       0 |      11 |   0.0 |  1145
           D:3 |       0 |      73 |   0.0 |       0 |      28 |   0.0 |   941
           D:4 |       0 |    1321 |   0.0 |       0 |      17 |   0.0 |  1435
           D:5 |       0 |     780 |   0.0 |       0 |      26 |   0.0 |  1047
           D:6 |       0 |     507 |   0.0 |       0 |       9 |   0.0 |   748
           D:7 |       0 |    2116 |   0.0 |       0 |      43 |   0.0 |  1589
           D:8 |       0 |    4209 |   0.0 |       0 |      41 |   0.0 |  1408
           D:9 |       0 |    3592 |   0.0 |       0 |      23 |   0.0 |  1450
          D:10 |       0 |    3337 |   0.0 |       0 |      42 |   0.0 |  1214
          D:11 |       0 |    3979 |   0.0 |       0 |      29 |   0.0 |  1383
          D:12 |       0 |    7178 |   0.0 |       0 |      36 |   0.0 |  1281
          D:13 |       0 |   10869 |   0.0 |       0 |      50 |   0.0 |  1049
          D:14 |       0 |    6829 |   0.0 |       0 |      32 |   0.0 |  1446
          D:15 |       0 |   14900 |   0.0 |       0 |      44 |   0.0 |  1285
        Lair:1 |       0 |    3977 |   0.0 |       0 |      15 |   0.0 |   966
        Lair:2 |       0 |    6729 |   0.0 |       0 |      28 |   0.0 |  1302
        Lair:3 |       0 |    5375 |   0.0 |       0 |      21 |   0.0 |   978
        Lair:4 |       0 |    5552 |   0.0 |       0 |      17 |   0.0 |  1042
        Lair:5 |       0 |    2791 |   0.0 |       0 |      15 |   0.0 |   696
        Lair:6 |       0 |   20462 |   0.0 |       0 |      56 |   0.0 |  1900
      Shoals:1 |       0 |   20583 |   0.0 |       0 |      47 |   0.0 |  1236
      Shoals:2 |       0 |   20850 |   0.0 |       0 |      43 |   0.0 |  1251
      Shoals:3 |       0 |   25076 |   0.0 |       0 |      40 |   0.0 |  1073
      Shoals:4 |       0 |   33894 |   0.0 |       0 |      54 |   0.0 |  1360
       Snake:1 |       0 |   23152 |   0.0 |       0 |      46 |   0.0 |  2226
       Snake:2 |       0 |   26068 |   0.0 |       0 |      36 |   0.0 |  1814
       Snake:3 |       0 |   20109 |   0.0 |       0 |      46 |   0.0 |  1909
       Snake:4 |       0 |   54890 |   0.0 |       0 |      88 |   0.0 |  3671
         Orc:1 |       0 |    5799 |   0.0 |       0 |      36 |   0.0 |  1056
         Orc:2 |       0 |    9737 |   0.0 |       0 |      55 |   0.0 |  1489
         Elf:1 |       0 |   18270 |   0.0 |       0 |      31 |   0.0 |  1055
         Elf:2 |       0 |   49522 |   0.0 |       0 |      79 |   0.0 |  1567
         Elf:3 |       0 |   46074 |   0.0 |       0 |      46 |   0.0 |  1705
      Depths:1 |       0 |   35637 |   0.0 |       0 |      59 |   0.0 |  1556
      Depths:2 |       0 |   53203 |   0.0 |       0 |      76 |   0.0 |  2676
      Depths:3 |       0 |  161090 |   0.0 |       0 |     154 |   0.0 |  3668
      Depths:4 |       0 |  153488 |   0.0 |       0 |      92 |   0.0 |  2690
      Depths:5 |       0 |   78840 |   0.0 |       0 |      72 |   0.0 |  1891
         Zot:1 |       0 |    9474 |   0.0 |       0 |       8 |   0.0 |   185
         Zot:2 |       0 |    9519 |   0.0 |       0 |       9 |   0.0 |   148
         Zot:3 |       0 |   12844 |   0.0 |       0 |       6 |   0.0 |   180
         Zot:4 |       0 |   39317 |   0.0 |       0 |      24 |   0.0 |   710
         Zot:5 |       0 |  216691 |   0.0 |       0 |      66 |   0.0 |  3554
       Abyss:1 |    2989 |       0 | 100.0 |       3 |       0 | 100.0 |   126
       Abyss:2 |    2255 |    2863 |  44.1 |       6 |       3 |  66.7 |   213
       Abyss:4 |    2928 |    9352 |  23.8 |       8 |      16 |  33.3 |   437
        Bailey |       0 |    1655 |   0.0 |       0 |      23 |   0.0 |   487
         IceCv |       0 |    9428 |   0.0 |       0 |      55 |   0.0 |   877
               +---------+---------+-------+---------+---------+-------+---------
